 Dungeon Crawl Stone Soup version 0.29-a0-1023-g6ae1a4a2c7 (webtiles) character file.

Game seed: 7079021960806932617

16 27heaven the Ruffian (level 2, 0/19 HPs)
             Began as a Tengu Berserker on Aug 11, 2022.
             Was a Follower of Trog.
             Slain by a gnoll
             ... wielding a +1 whip of flaming
              (7 damage)
             ... on level 2 of the Dungeon.
             The game lasted 00:01:16 (743 turns).

27heaven the Ruffian (Tengu Berserker)               Turns: 743, Time: 00:01:16

Health: 0/19       AC:  6    Str: 17    XL:     2   Next: 54%
Magic:  3/3        EV: 12    Int:  7    God:    Trog [*.....]
Gold:   37         SH:  0    Dex: 13    Spells: 1/1 levels left

rFire   . . .      SeeInvis .   b - +4 mace
rCold   . . .      Faith    .   (no shield)
rNeg    . . .      Spirit   .   d - +3 leather armour
rPois   .          Reflect  .   (helmet restricted)
rElec   .          Harm     .   (no cloak)
rCorr   .          Rampage  .   (no gloves)
Will    .....                   (boots unavailable)
Stlth   +.........              (no amulet)
HPRegen 0.06/turn               (no ring)
MPRegen 0.08/turn               (no ring)

@: no status effects
A: beak, talons 3
a: Renounce Religion, Berserk


You were on level 2 of the Dungeon.
You worshipped Trog.
Trog was aware of your devotion.
You visited 1 branch of the dungeon, and saw 2 of its levels.

You collected 37 gold pieces.

Inventory:

Hand Weapons
 b - a +4 mace (weapon)
Armour
 d - a +3 leather armour (worn)
Scrolls
 a - a scroll of vulnerability {unknown}
 c - 2 scrolls of blinking {unknown}
 f - a scroll of identify {unknown}
 i - a scroll of fear {unknown}
Potions
 e - a potion of attraction {unknown}
 g - a potion of curing {unknown}
 h - a potion of flight {unknown}


   Skills:
 - Level 3.0 Fighting
 + Level 2.3 Maces & Flails
 - Level 2.1 Armour
 - Level 2.1 Dodging
 - Level 3.2 Unarmed Combat


You had one spell level left.
You didn't know any spells.
Your spell library was empty.

Dungeon Overview and Level Annotations

Branches:
Dungeon (2/15)

Altars:

Shops:
D:1 :


Innate Abilities, Weirdness & Mutations

You have a beak for a mouth.
You have claws for feet.


Message History

You completely miss the giant cockroach.
You claw the giant cockroach, but do no damage.
Your peck misses the giant cockroach.
The giant cockroach bites you but does no damage.
You barely miss the giant cockroach.
The giant cockroach barely misses you. x2
You barely miss the giant cockroach. The giant cockroach closely misses you.
You hit the giant cockroach.
The giant cockroach is almost dead.
The giant cockroach closely misses you.
The giant cockroach bites you but does no damage.
You hit the giant cockroach.
You kill the giant cockroach!
Trog accepts your kill.
No target in view!
No target in view!
h - a fuming puce potion
i - a scroll labelled BAYDAXO YBLE Done exploring.
Done exploring.
Done exploring.
Done exploring.
Done exploring.
(D) Dungeon
Where to? (? - help)
What level of the Dungeon? (default 1, ? - help)
There is a stone staircase leading down here.
You climb downwards.
Found a ring mail.
There is a stone staircase leading up here.
A gnoll is nearby!
Unknown command. 2 gnolls come into view.
The gnoll shouts! x2
The gnoll shouts!
A rat comes into view.
The gnoll hits you with a +0 whip.
The gnoll hits you from afar with a +0 halberd!
The gnoll attacks as you move away!
The gnoll hits you with a +1 whip of flaming!
You die...

## ### ...##..
....... .......
.......#######
...r.gg@.....#
......g....<.+
###..........#
.......##....#
.............#
.............#
.......[.......
.#.............
...........#


You could see 3 gnolls and a rat.

Vanquished Creatures
  A giant cockroach (D:1)
  7 jackals (D:1)
  A ball python (D:1)
  2 bats (D:1)
  2 frilled lizards (D:1)
  2 rats (D:1)
15 creatures vanquished.

Notes
Turn   | Place    | Note
-------+----------+-------------------------------------------
     0 | D:1      | 27heaven the Tengu Berserker began the quest for the Orb.
     0 | D:1      | Reached XP level 1. HP: 14/14 MP: 2/2
    27 | D:1      | Reached skill level 1 in Maces & Flails
   205 | D:1      | Reached XP level 2. HP: 19/19 MP: 3/3
   311 | D:1      | Found a faded altar of an unknown god.
   411 | D:1      | Found Noko's Book Shoppe.
   743 | D:2      | Slain by a gnoll

Illustrated notes

Levels and vault maps discovered:
D:1:      scummos_arrival_simple_crosswalls, layout_basic, serial_shops, shop,
          ebering_ecumenical_altar_rust
D:2:      kennysheep_the_goblin_king, layout_basic

Skill      XL: |  1  2 |
---------------+-------+-----
Maces & Flails | 1 2 |  2.3
Fighting       | |  3.0
Armour         | |  2.1
Dodging        | |  2.1
Unarmed Combat | |  3.2

Action                   || total
-------------------------++-------
Melee: Mace              ||    24
       Kick              ||     5
       Peck              ||     1
Armor: Animal skin       ||     3
       Leather armour    ||     3
Dodge: Dodged            ||    16

Table legend: (Time is in decaauts)
 A = Elapsed time spent in this place.
 B = Non-inter-level travel time spent in this place.
 C = Inter-level travel time spent in this place.
 D = Time resting spent in this place.
 E = Time spent auto-exploring this place.
 F = Levels seen in this place.
 G = Mean time per level.
                   A        B        C        D        E       F      G
               +--------+--------+--------+--------+--------+-----+--------+
         Total |    749 |    743 |      6 |      0 |    644 |   2 |  374.5 |
       Dungeon |    749 |    743 |      6 |      0 |    644 |   2 |  374.5 |
               +--------+--------+--------+--------+--------+-----+--------+

Top non-repeatable levels by time:
     D:1: 744 daAuts
     D:2: 4 daAuts
